| TOP OF THE 1ST |
|
Greenville Drive batting - Pitching for Delmarva Shorebirds : LHP Luis Perez
|
|
Pitching: LHP Luis Perez
|
|
|
Batting: RHB Tony Nunez
|
0-0: Called Strike 0-1: Swinging Strike 0-2: Ball 1-2: Strikes out swinging
|
|
Batting: RHB Ted Emmerich
|
0-0: Foul Ball, location: 2F 0-1: SINGLE (Groundball, 4D, EV 97.5 MPH)
|
|
Batting: RHB Alex Cardenas
|
0-0: Ball 1-0: Fielders Choice at 2nd, 6-4 (Groundball, 6M, EV 86.9 MPH)
|
|
Batting: RHB Jim Hubbard
|
0-0: Called Strike 0-1: Fielders Choice at 2nd, 6-4 (Groundball, 6, EV 83.1 MPH)
|
| Top of the 1st over - 0 runs, 1 hit, 0 errors, 1 left on base; Greenville 0 - Delmarva 0 |
| BOTTOM OF THE 1ST |
|
Delmarva Shorebirds batting - Pitching for Greenville Drive : RHP Su-wu Yang
|
|
Pitching: RHP Su-wu Yang
|
|
|
Batting: RHB Josh Hopp
|
0-0: Foul Ball, location: 2F 0-1: Called Strike 0-2: Ball 1-2: Ball 2-2: Strikes out swinging
|
|
Batting: RHB Wes Reynolds
|
0-0: Fly out, F8 (Flyball, 8RD, EV 80.0 MPH)
|
|
Batting: LHB Eric Jackson
|
0-0: Called Strike 0-1: Swinging Strike 0-2: Ball 1-2: Ball 2-2: Foul Ball, location: 2F 2-2: Ball 3-2: Fly out, F4 (Line Drive, 34D, EV 68.8 MPH)
|
| Bottom of the 1st over - 0 runs, 0 hits, 0 errors, 0 left on base; Greenville 0 - Delmarva 0 |
| TOP OF THE 2ND |
|
Greenville Drive batting - Pitching for Delmarva Shorebirds : LHP Luis Perez
|
|
Batting: RHB Paul Long
|
0-0: Ball 1-0: Ground out 5-3 (Groundball, 56, EV 82.5 MPH)
|
|
Batting: RHB Bobby Schimke
|
0-0: Foul Ball, location: 2F 0-1: Ball 1-1: Ball 2-1: Ground out 5-3 (Groundball, P, EV 93.8 MPH)
|
|
Batting: LHB Carlos Guerra
|
0-0: Ball 1-0: Foul Ball, location: 2F 1-1: Foul Ball, location: 2F 1-2: Foul Ball, location: 2F 1-2: Foul Ball, location: 2F 1-2: Ball 2-2: Foul Ball, location: 2F 2-2: Strikes out looking
|
| Top of the 2nd over - 0 runs, 0 hits, 0 errors, 0 left on base; Greenville 0 - Delmarva 0 |
| BOTTOM OF THE 2ND |
|
Delmarva Shorebirds batting - Pitching for Greenville Drive : RHP Su-wu Yang
|
|
Batting: RHB Steve Jones
|
0-0: Ground out 6-3 (Groundball, 6, EV 90.6 MPH)
|
|
Batting: RHB Daniel Jackson
|
0-0: Foul Ball, location: 2F 0-1: Foul Ball, location: 2F 0-2: Fly out, F8 (Flyball, 8RD, EV 98.1 MPH)
|
|
Batting: RHB Ethan Finke
|
0-0: Fly out, F4 (Popup, 4S, EV 68.8 MPH)
|
| Bottom of the 2nd over - 0 runs, 0 hits, 0 errors, 0 left on base; Greenville 0 - Delmarva 0 |
| TOP OF THE 3RD |
|
Greenville Drive batting - Pitching for Delmarva Shorebirds : LHP Luis Perez
|
|
Batting: RHB Scott Hawkins
|
0-0: Called Strike 0-1: Ball 1-1: Ground out U3 (Groundball, 13, EV 81.9 MPH)
|
|
Batting: RHB Roger Mitchell
|
0-0: SINGLE (Line Drive, 4D, EV 101.9 MPH)
|
|
Batting: RHB Tony Nunez
|
0-0: Fly out, F8 (Flyball, 8RD, EV 104.4 MPH)
|
|
Batting: RHB Ted Emmerich
|
0-0: Ball 1-0: Ball 2-0: Foul Ball, location: 2F 2-1: Called Strike 2-2: Foul Ball, location: 2F 2-2: Foul Ball, location: 2F 2-2: Foul Ball, location: 2F 2-2: 2-RUN HOME RUN (Flyball, 7LD, EV 94.4 MPH), Distance : 332 ft
|
|
Batting: RHB Alex Cardenas
|
0-0: Foul Ball, location: 2F 0-1: Called Strike 0-2: Ball 1-2: Foul Ball, location: 2F 1-2: Ball 2-2: Strikes out looking
|
| Top of the 3rd over - 2 runs, 2 hits, 0 errors, 0 left on base; Greenville 2 - Delmarva 0 |
| BOTTOM OF THE 3RD |
|
Delmarva Shorebirds batting - Pitching for Greenville Drive : RHP Su-wu Yang
|
|
Batting: RHB Francisco Viera
|
0-0: Called Strike 0-1: DOUBLE (Groundball, 5L, EV 104.4 MPH)
|
|
Batting: RHB Mike Pitts
|
0-0: SINGLE (Groundball, 6D, EV 104.4 MPH) Francisco Viera to third
|
|
Batting: SHB Jared Boyce
|
0-0: Called Strike 0-1: Called Strike 0-2: Ball 1-2: Ball 2-2: Ball 3-2: Base on Balls Mike Pitts to second
|
|
Batting: RHB Josh Hopp
|
0-0: Called Strike 0-1: Ball 1-1: Ball 2-1: Fly out, F9 (Flyball, 89M, EV 92.5 MPH) Runner from 3rd tags up, SCORES, throw by RF Mike Pitts to third
|
|
Batting: RHB Wes Reynolds
|
0-0: Ball 1-0: Fielders Choice at 2nd, 3-6 (Groundball, 34S, EV 88.8 MPH) Mike Pitts scores
|
|
Batting: LHB Eric Jackson
|
0-0: Called Strike 0-1: Ball 1-1: Foul Ball, location: 2F 1-2: Ball 2-2: Foul Ball, location: 2F 2-2: Ball 3-2: Base on Balls Wes Reynolds to second
|
|
Batting: RHB Steve Jones
|
0-0: Swinging Strike 0-1: Swinging Strike 0-2: Strikes out swinging
|
| Bottom of the 3rd over - 2 runs, 2 hits, 0 errors, 2 left on base; Greenville 2 - Delmarva 2 |
| TOP OF THE 4TH |
|
Greenville Drive batting - Pitching for Delmarva Shorebirds : LHP Luis Perez
|
|
Batting: RHB Jim Hubbard
|
0-0: Ball 1-0: Ball 2-0: Fly out, F9 (Flyball, 9D, EV 90.0 MPH)
|
|
Batting: RHB Paul Long
|
0-0: Called Strike 0-1: Ball 1-1: Ball 2-1: Ball 3-1: Fly out, F8 (Flyball, 8RM, EV 86.2 MPH)
|
|
Batting: RHB Bobby Schimke
|
0-0: Ball 1-0: Foul Ball, location: 2F 1-1: Ball 2-1: Foul Ball, location: 2F 2-2: SINGLE (Groundball, 4MD, EV 99.4 MPH)
|
|
Batting: LHB Carlos Guerra
|
0-0: Ball 1-0: Called Strike Pickoff Throw to First - Out! 1-3 CS
|
| Top of the 4th over - 0 runs, 1 hit, 0 errors, 0 left on base; Greenville 2 - Delmarva 2 |
| BOTTOM OF THE 4TH |
|
Delmarva Shorebirds batting - Pitching for Greenville Drive : RHP Su-wu Yang
|
|
Batting: RHB Daniel Jackson
|
0-0: Hit by Pitch
|
|
Batting: RHB Ethan Finke
|
0-0: Ball 1-0: Called Strike 1-1: Fly out, F9 (Flyball, 9, EV 86.2 MPH)
|
|
Batting: RHB Francisco Viera
|
0-0: Ball 1-0: Fielders Choice at 2nd, 6-4 (Groundball, 6M, EV 108.1 MPH)
|
|
Batting: RHB Mike Pitts
|
0-0: Fly out, F9 (Line Drive, 9, EV 99.4 MPH)
|
| Bottom of the 4th over - 0 runs, 0 hits, 0 errors, 1 left on base; Greenville 2 - Delmarva 2 |
| TOP OF THE 5TH |
|
Greenville Drive batting - Pitching for Delmarva Shorebirds : LHP Luis Perez
|
|
Batting: LHB Carlos Guerra
|
0-0: Called Strike 0-1: Ball 1-1: Foul Ball, location: 2F 1-2: Fly out, F3 (Line Drive, 3L, EV 69.4 MPH)
|
|
Batting: RHB Scott Hawkins
|
0-0: Fly out, F7 (Flyball, 7S, EV 78.1 MPH)
|
|
Batting: RHB Roger Mitchell
|
0-0: Foul Ball, location: 2F 0-1: Ball 1-1: Called Strike 1-2: Fly out, F9 (Flyball, 89D, EV 93.1 MPH)
|
| Top of the 5th over - 0 runs, 0 hits, 0 errors, 0 left on base; Greenville 2 - Delmarva 2 |
| BOTTOM OF THE 5TH |
|
Delmarva Shorebirds batting - Pitching for Greenville Drive : RHP Su-wu Yang
|
|
Batting: SHB Jared Boyce
|
0-0: Fly out, F8 (Line Drive, 8RD, EV 91.2 MPH)
|
|
Batting: RHB Josh Hopp
|
0-0: Ball 1-0: Foul Ball, location: 2F 1-1: Foul Ball, location: 2F 1-2: Ball 2-2: Strikes out swinging
|
|
Batting: RHB Wes Reynolds
|
0-0: Ball 1-0: Ball 2-0: Called Strike 2-1: Ball 3-1: Base on Balls
|
|
Batting: LHB Eric Jackson
|
0-0: Fly out, F9 (Flyball, 9S, EV 85.0 MPH)
|
| Bottom of the 5th over - 0 runs, 0 hits, 0 errors, 1 left on base; Greenville 2 - Delmarva 2 |
| TOP OF THE 6TH |
|
Greenville Drive batting - Pitching for Delmarva Shorebirds : LHP Luis Perez
|
|
Batting: RHB Tony Nunez
|
0-0: Ball 1-0: Foul Ball, location: 2F 1-1: Foul Ball, location: 2F 1-2: Ground out 5-3 (Groundball, 56S, EV 76.2 MPH)
|
|
Batting: RHB Ted Emmerich
|
0-0: Swinging Strike 0-1: Called Strike 0-2: Ground out 3-1 (Groundball, 34, EV 90.6 MPH)
|
|
Batting: RHB Alex Cardenas
|
0-0: Called Strike 0-1: Ball 1-1: Foul Ball, location: 2F 1-2: Ball 2-2: Strikes out looking
|
| Top of the 6th over - 0 runs, 0 hits, 0 errors, 0 left on base; Greenville 2 - Delmarva 2 |
| BOTTOM OF THE 6TH |
|
Delmarva Shorebirds batting - Pitching for Greenville Drive : RHP Su-wu Yang
|
|
Batting: RHB Steve Jones
|
0-0: Called Strike 0-1: Ball 1-1: Foul Ball, location: 2F 1-2: Ball 2-2: Ground out 6-3 (Groundball, 6, EV 86.9 MPH)
|
|
Batting: RHB Daniel Jackson
|
0-0: Called Strike 0-1: Called Strike 0-2: Foul Ball, location: 2F 0-2: Ball 1-2: Foul Ball, location: 2F 1-2: Foul Ball, location: 2F 1-2: Fly out, F4 (Popup, 23, EV 90.0 MPH)
|
|
Batting: RHB Ethan Finke
|
0-0: Foul Ball, location: 2F 0-1: Fly out, F8 (Flyball, 8RD, EV 99.4 MPH)
|
| Bottom of the 6th over - 0 runs, 0 hits, 0 errors, 0 left on base; Greenville 2 - Delmarva 2 |
| TOP OF THE 7TH |
|
Greenville Drive batting - Pitching for Delmarva Shorebirds : LHP Luis Perez
|
|
Batting: RHB Jim Hubbard
|
0-0: Foul Ball, location: 2F 0-1: Ball 1-1: Foul Ball, location: 2F 1-2: Foul Ball, location: 2F 1-2: Ball 2-2: Strikes out swinging
|
|
Batting: RHB Paul Long
|
0-0: Ball 1-0: Ball 2-0: Foul Ball, location: 2F 2-1: Foul Ball, location: 2F 2-2: Strikes out swinging
|
|
Batting: RHB Bobby Schimke
|
0-0: Foul Ball, location: 2F 0-1: Ball 1-1: Fly out, F7 (Flyball, 78D, EV 82.5 MPH)
|
| Top of the 7th over - 0 runs, 0 hits, 0 errors, 0 left on base; Greenville 2 - Delmarva 2 |
| BOTTOM OF THE 7TH |
|
Delmarva Shorebirds batting - Pitching for Greenville Drive : RHP Su-wu Yang
|
|
Batting: RHB Francisco Viera
|
0-0: Called Strike 0-1: Ground out 6-3 (Groundball, 6, EV 103.1 MPH)
|
|
Batting: RHB Mike Pitts
|
0-0: Ball 1-0: Called Strike 1-1: Called Strike 1-2: Strikes out swinging
|
|
Batting: SHB Jared Boyce
|
0-0: Called Strike 0-1: Ball 1-1: Ball 2-1: Called Strike 2-2: Foul Ball, location: 2F 2-2: Strikes out looking
|
| Bottom of the 7th over - 0 runs, 0 hits, 0 errors, 0 left on base; Greenville 2 - Delmarva 2 |
| TOP OF THE 8TH |
|
Greenville Drive batting - Pitching for Delmarva Shorebirds : LHP Luis Perez
|
|
Batting: LHB Carlos Guerra
|
0-0: Ball 1-0: Ground out U3 (Groundball, 3S, EV 73.8 MPH)
|
|
Batting: RHB Scott Hawkins
|
0-0: Called Strike 0-1: SINGLE (Flyball, 6D, EV 85.6 MPH)
|
|
Pitching: RHP Craig Potter
|
|
|
Pinch Hitting: LHB Danny Montoya
|
0-0: Ball 1-0: Foul Ball, location: 2F 1-1: Foul Ball, location: 2F 1-2: Strikes out swinging
|
|
Pinch Hitting: SHB Robert Soto
|
0-0: Ball 1-0: Foul Ball, location: 2F 1-1: Ground out 4-3 (Groundball, 4, EV 86.2 MPH)
|
| Top of the 8th over - 0 runs, 1 hit, 0 errors, 1 left on base; Greenville 2 - Delmarva 2 |
| BOTTOM OF THE 8TH |
|
Delmarva Shorebirds batting - Pitching for Greenville Drive : RHP Su-wu Yang
|
|
Now at 1B: Danny Montoya
|
|
|
Now at 2B: Adugna Chandu
|
|
|
Batting: RHB Josh Hopp
|
0-0: SINGLE (Line Drive, 5L, EV 66.9 MPH) (infield hit)
|
|
Batting: RHB Wes Reynolds
|
0-0: Ball 1-0: Called Strike 1-1: Fielders Choice at 2nd, 5-4 (Groundball, 56, EV 98.1 MPH)
|
|
Pitching: LHP Anton Lara
|
|
|
Pinch Hitting: RHB Ismael Macedo
|
0-0: Ball 1-0: Ball 2-0: Ball 3-0: Called Strike 3-1: Base on Balls Wes Reynolds to second
|
|
Pitching: RHP Ross Ratcliffe
|
|
|
Batting: RHB Steve Jones
|
0-0: Ball 1-0: Ball 2-0: Ball 3-0: Foul Ball, location: 2F 3-1: Base on Balls Wes Reynolds to third Ismael Macedo to second
|
|
Batting: RHB Daniel Jackson
|
0-0: Ball 1-0: Ball 2-0: SINGLE (Line Drive, 8LS, EV 105.0 MPH) Wes Reynolds scores Ismael Macedo to third Steve Jones to second
|
|
Batting: RHB Ethan Finke
|
0-0: Ball 1-0: Grounds into fielders choice 3-2 (Groundball, 3L, EV 107.5 MPH) Steve Jones to third Daniel Jackson to second
|
|
Pitching: RHP Paul Carter
|
|
|
Batting: RHB Francisco Viera
|
0-0: Ball 1-0: Called Strike 1-1: Swinging Strike 1-2: Ball 2-2: Ball 3-2: Strikes out swinging
|
| Bottom of the 8th over - 1 run, 2 hits, 0 errors, 3 left on base; Greenville 2 - Delmarva 3 |
| TOP OF THE 9TH |
|
Greenville Drive batting - Pitching for Delmarva Shorebirds : RHP Craig Potter
|
|
Pitching: RHP Manny Rolfe
|
|
|
Now at 1B: Matt O'Dea
|
|
|
Now in CF: Tony Godley
|
|
|
Now in RF: Ralph Braine
|
|
|
Pinch Hitting: LHB Kevin Rolison
|
0-0: Foul Ball, location: 2F 0-1: Ball 1-1: Swinging Strike 1-2: Ball 2-2: Ball 3-2: Strikes out swinging
|
|
Batting: RHB Alex Cardenas
|
0-0: Ground out 6-3 (Groundball, 6, EV 85.0 MPH)
|
|
Batting: RHB Jim Hubbard
|
0-0: Called Strike 0-1: Ball 1-1: Ball 2-1: Called Strike 2-2: Foul Ball, location: 2F 2-2: Foul Ball, location: 2F 2-2: Ball 3-2: SINGLE (Line Drive, 78M, EV 86.9 MPH)
|
|
Pinch Hitting: LHB Eddie Contreras
|
0-0: Called Strike 0-1: Ball 1-1: Swinging Strike 1-2: Ball 2-2: Ball 3-2: Ground out 6-3 (Groundball, 56, EV 84.4 MPH)
|
| Top of the 9th over - 0 runs, 1 hit, 0 errors, 1 left on base; Greenville 2 - Delmarva 3 |
|